Map: Oxide LE

Players

Trap - Winner!

  • Race: Protoss Protoss
  • Spawn Location: 1:00

Reynor

  • Race: Zerg Zerg
  • Spawn Location: 7:00

Event: IEM Katowice 2021

VOD

Have the link to the VOD?

Description

Time

  • Played on: Feb. 24, 2021, 9:29 a.m.
  • Length: 12:26

All games in this series

Show
View Real Time Build Order
Export as new Build Order

Trap Protoss - Winner!

Build Orders: 1 Gate Expand, Oracle Opening, Archon Immortal 

Get SALT Encoding   

  12  0:00  Probe  
  13  0:13  Pylon  
  13  0:17  Probe (Chrono Boost)  
  14  0:26  Probe (Chrono Boost)  
  15  0:31  Probe (Chrono Boost)  
  16  0:40  Gateway  
  16  0:43  Probe  
  16  0:48  Assimilator  
  17  0:55  Probe  
  18  1:07  Probe  
  19  1:19  Probe  
  19  1:24  Nexus  
  20  1:35  Cybernetics Core  
  20  1:37  Probe  
  21  1:44  Assimilator  
  21  1:49  Probe  
  21  1:52  Pylon  
  22  2:01  Probe  
  23  2:08  Adept (Chrono Boost)  
  23  2:09  Probe  
  23  2:11  Warp Gate  
  26  2:17  Probe  
  27  2:26  Stargate  
  27  2:29  Probe (Chrono Boost)  
  28  2:32  Adept  
  28  2:36  Probe (Chrono Boost)  
  32  2:45  Probe x2 (Chrono Boost)  
  32  2:50  Probe (Chrono Boost)  
  33  2:52  Probe  
  35  2:58  Gateway  
  35  3:01  Void Ray (Chrono Boost)  
  35  3:02  Probe  
  35  3:04  Probe  
  41  3:12  Adept  
  41  3:18  Pylon  
  43  3:21  Probe x2  
  45  3:33  Probe  
  46  3:36  Oracle (Chrono Boost), Probe  
  46  3:38  Pylon  
  50  3:45  Probe  
  50  3:48  Probe  
  52  3:57  Probe  
  52  3:59  Nexus  
  52  4:00  Probe  
  52  4:01  Pylon  
  54  4:07  Assimilator  
  54  4:09  Assimilator, Probe  
  55  4:11  Void Ray  
  55  4:12  Probe  
  60  4:21  Probe  
  61  4:24  Probe  
  62  4:31  Twilight Council  
  62  4:33  Probe  
  62  4:34  Forge  
  62  4:36  Probe  
  62  4:37  Shield Battery  
  64  4:48  Probe, Gateway  
  64  4:49  Gateway, Probe  
  66  4:57  Protoss Ground Weapons Level 1 (Chrono Boost), Pylon, Charge (Chrono Boost)  
  66  5:01  Probe x2  
  68  5:09  Templar Archives  
  68  5:17  Gateway  
  68  5:18  Gateway  
  68  5:22  Gateway  
  68  5:27  Gateway  
  68  5:32  Shield Battery  
  68  5:33  Probe x2  
  68  5:34  Probe  
  71  5:40  Shield Battery  
  71  5:45  Probe x2  
  71  5:46  Probe, High Templar  
  71  5:47  High Templar  
  78  5:51  Pylon  
  78  5:52  Pylon  
  78  5:54  Archon  
  78  5:57  Probe x2  
  78  5:58  Probe  
  78  5:59  High Templar x2  
  78  6:03  Pylon  
  85  6:05  Archon  
  85  6:11  Robotics Facility  
  85  6:12  Zealot x2  
  85  6:15  Probe x3  
  85  6:17  Zealot  
  94  6:20  Assimilator  
  94  6:21  Zealot x2, Assimilator  
  98  6:28  Shield Battery x2  
  98  6:30  Photon Cannon  
  98  6:31  Sentry  
  100  6:32  Sentry  
  100  6:38  Sentry  
  104  6:40  Zealot, Photon Cannon  
  106  6:48  Pylon, Zealot x3  
  106  6:54  Shield Battery  
  112  6:57  Immortal (Chrono Boost)  
  108  7:11  High Templar x2  
  108  7:12  Zealot x5  
  122  7:16  Pylon  
  122  7:17  Archon  
  122  7:22  Zealot  
  124  7:26  Immortal (Chrono Boost)  
  122  7:34  Psionic Storm  
  122  7:35  Zealot x5  
  126  7:38  Protoss Ground Weapons Level 2 (Chrono Boost)  
  126  7:57  Probe x2  
  126  7:58  Pylon  
  127  7:59  Observer  
  128  8:05  High Templar x2  
  128  8:08  High Templar  
  128  8:10  Immortal  
  128  8:12  Pylon  
  133  8:13  Pylon  
  133  8:22  High Templar  
  139  8:27  Pylon  
  139  8:28  Pylon  
  139  8:31  High Templar  
  139  8:32  Gateway  
  141  8:35  Blink (Chrono Boost)  
  141  8:36  Gateway  
  141  8:40  Nexus  
  141  8:50  Warp Prism (Chrono Boost)  
  143  9:00  High Templar  
  143  9:01  Stalker, High Templar  
  149  9:03  Pylon  
  149  9:06  Pylon  
  149  9:07  Archon  
  149  9:08  Stalker x2  
  151  9:13  Immortal  
  151  9:21  Stalker x2  
  151  9:22  Stalker  
  161  9:24  Shield Battery  
  161  9:29  Stalker x2, Shield Battery  
  165  9:37  Stalker x3  
  171  9:51  Pylon  
  171  9:52  Pylon  
  171  9:58  Photon Cannon, Probe x2  
  171  9:59  Probe x2  
  175  10:01  Immortal (Chrono Boost), Photon Cannon  
  179  10:13  Stalker x2  
  181  10:26  Stalker x4  
  183  10:33  Immortal (Chrono Boost)  
  187  10:47  High Templar  
  187  10:48  Stalker x3, High Templar  
  197  10:53  Archon  
  179  11:12  Stalker x5  
  179  11:13  Stalker x2  
  181  11:28  Immortal (Chrono Boost)  
  179  11:39  Assimilator  
  179  11:40  Assimilator  
  179  11:42  Stalker x4  
  179  11:43  Stalker x5  
  179  11:45  Zealot  
  199  12:02  Observer (Chrono Boost)  
  167  12:14  Stalker x7  
  167  12:15  Stalker  
Show
View Real Time Build Order
Export as new Build Order

Reynor Zerg 

Build Orders: Hatch First 

Get SALT Encoding   

  12  0:00  Drone  
  13  0:12  Overlord  
  13  0:17  Drone  
  14  0:30  Drone x2  
  16  0:43  Drone  
  17  0:51  Hatchery  
  17  0:54  Drone  
  17  0:57  Drone  
  18  1:07  Extractor  
  17  1:13  Spawning Pool  
  17  1:15  Drone  
  17  1:19  Drone  
  18  1:28  Drone  
  19  1:40  Drone  
  20  1:49  Overlord  
  20  2:01  Queen  
  20  2:03  Zergling x2, Queen  
  20  2:04  Zergling x2  
  26  2:11  Drone  
  26  2:12  Metabolic Boost  
  26  2:14  Drone  
  28  2:21  Drone  
  29  2:24  Drone  
  30  2:37  Hatchery  
  30  2:39  Drone  
  30  2:42  Drone  
  31  2:48  Queen  
  33  2:54  Overlord  
  33  2:56  Drone  
  34  2:59  Drone  
  34  3:01  Drone  
  36  3:05  Overlord  
  36  3:12  Drone x3  
  39  3:16  Zergling x2  
  39  3:18  Drone  
  41  3:21  Overlord  
  41  3:25  Queen  
  43  3:30  Drone  
  43  3:33  Drone  
  45  3:39  Overlord  
  45  3:42  Drone x4  
  45  3:48  Queen  
  51  3:52  Drone x2, Spore Crawler  
  51  3:54  Drone  
  52  3:59  Zergling x6  
  52  4:01  Drone  
  56  4:04  Spore Crawler  
  56  4:05  Drone  
  56  4:07  Drone  
  57  4:11  Drone  
  57  4:13  Overlord  
  58  4:19  Drone  
  58  4:23  Queen  
  58  4:24  Drone, Lair  
  62  4:26  Drone x2  
  64  4:32  Overlord  
  64  4:34  Queen  
  64  4:36  Drone x3  
  64  4:37  Drone x2  
  71  4:39  Drone  
  71  4:43  Roach Warren  
  71  4:45  Extractor, Drone  
  70  4:46  Extractor, Drone  
  70  4:47  Drone  
  70  4:51  Overlord  
  70  4:52  Drone  
  73  4:53  Drone  
  73  5:00  Drone  
  73  5:02  Drone x3  
  73  5:04  Drone  
  73  5:05  Drone  
  79  5:10  Overlord  
  79  5:12  Drone x2, Queen x2  
  85  5:14  Drone  
  85  5:16  Extractor, Drone x2  
  87  5:23  Overlord  
  87  5:27  Drone x2  
  89  5:30  Queen  
  89  5:31  Drone  
  89  5:32  Drone x2  
  89  5:33  Extractor  
  89  5:34  Overlord  
  89  5:35  Extractor  
  92  5:40  Overlord  
  91  5:43  Drone  
  91  5:47  Drone, Queen  
  91  5:48  Queen  
  97  5:51  Overlord, Nydus Network  
  96  5:59  Roach x7  
  96  6:03  Overlord  
  110  6:07  Roach x3  
  116  6:13  Queen  
  116  6:14  Overlord  
  116  6:17  Drone  
  118  6:20  Overlord  
  118  6:23  Roach x3  
  124  6:25  Overlord  
  124  6:29  Nydus Canal, Queen  
  124  6:30  Ravager x3  
  124  6:31  Ravager  
  130  6:35  Overseer  
  130  6:38  Ravager x3  
  133  6:41  Zergling x14  
  133  6:45  Zergling x4, Ravager  
  133  6:46  Zergling x4  
  144  6:51  Roach  
  144  6:52  Ravager  
  144  6:53  Roach x3  
  151  6:57  Nydus Canal  
  151  7:02  Zergling x4, Roach x3  
  158  7:09  Roach  
  158  7:10  Overlord x2  
  158  7:12  Ravager  
  161  7:22  Roach x6  
  156  7:26  Roach x3  
  156  7:29  Queen  
  140  7:31  Roach x2  
  140  7:36  Glial Reconstitution  
  135  7:37  Baneling Nest  
  134  7:45  Evolution Chamber  
  133  7:54  Hatchery  
  133  7:56  Drone x9  
  141  8:00  Ravager x4  
  141  8:01  Overseer, Drone  
  141  8:02  Overlord  
  141  8:03  Drone  
  147  8:06  Roach x2, Spore Crawler  
  147  8:07  Roach  
  147  8:11  Roach  
  154  8:15  Roach  
  154  8:19  Zerg Missile Weapons Level 1  
  156  8:20  Zergling x2  
  156  8:21  Ravager x2  
  156  8:23  Roach x3  
  156  8:25  Overlord  
  165  8:32  Roach x2  
  165  8:34  Drone x2  
  171  8:36  Overlord, Centrifical Hooks  
  171  8:37  Drone  
  172  8:41  Zergling x2  
  172  8:46  Overlord  
  172  8:47  Zergling x6  
  176  8:52  Overlord  
  176  8:54  Zergling x6  
  179  8:59  Ravager x4  
  179  9:00  Nydus Canal  
  183  9:03  Zergling x8, Roach  
  183  9:07  Baneling x4  
  183  9:08  Zergling x2, Baneling  
  183  9:09  Zergling x2  
  191  9:11  Zergling x4  
  192  9:21  Zergling x14  
  192  9:23  Ravager  
  200  9:30  Zergling x12  
  200  9:40  Evolution Chamber  
  200  9:41  Infestation Pit  
  200  9:42  Hatchery, Pneumatized Carapace  
  200  9:44  Drone x3  
  200  9:51  Baneling x17  
  200  9:52  Baneling  
  200  9:56  Drone  
  199  10:06  Spine Crawler, Drone x2  
  199  10:07  Spine Crawler, Extractor  
  199  10:09  Hatchery  
  199  10:13  Baneling x11  
  199  10:14  Baneling x3  
  193  10:22  Zerg Melee Weapons Level 1  
  193  10:23  Spine Crawler x2, Drone x2  
  193  10:24  Spine Crawler  
  192  10:34  Drone x7  
  199  10:36  Hive, Extractor  
  198  10:55  Zergling x8  
  178  11:06  Roach x17  
  178  11:10  Zergling x2  
  178  11:11  Zergling x24  
  188  11:13  Roach  
  188  11:18  Ravager x3  
  193  11:19  Zergling x6, Roach x2  
  190  11:27  Zergling x2  
  190  11:28  Zergling x8  
  190  11:29  Ravager x3  
  197  11:33  Zergling x6, Roach  
  197  11:37  Baneling  
  197  11:38  Zergling x2, Baneling x3  
  197  11:39  Zergling x4  
  198  11:43  Zergling x4  
  198  11:44  Overlord  
  199  11:58  Extractor  
  199  11:59  Extractor  
  194  12:05  Roach x12  

Tags
 
Add a new tag
Caveats
  • Supply blocks, unpowered buildings, or Contaminate may cause inaccurate times.
  • Supply counts are checked every 10 seconds.